 Dungeon Crawl Stone Soup version 0.22.1-2-g9c5b331 (webtiles) character file.

26030 XomIzBomb the Severer (level 12, -4/113 HPs)
             Began as a Minotaur Berserker on Dec 3, 2018.
             Was a High Priest of Trog.
             Slain by a seven-headed hydra (6 damage)
             ... on level 1 of the Swamp.
             The game lasted 00:27:35 (9422 turns).

XomIzBomb the Severer (Minotaur Berserker)          Turns: 9422, Time: 00:27:35

Health: -4/113     AC: 21    Str: 26    XL:     12   Next: 94%
Magic:  3/3        EV: 22    Int:  7    God:    Trog [*****.]
Gold:   579        SH:  0    Dex: 16    Spells: 11/11 levels left

rFire    + . .     SeeInvis .   T - +4 battleaxe (antimagic)
rCold    . . .     Gourm    .   (shield currently unavailable)
rNeg     . . .     Faith    .   L - +0 plate armour
rPois    +         Spirit   .   b - +1 hat {Int+3}
rElec    .         Reflect  .   P - +1 cloak {rPois}
rCorr    .         Harm     .   i - +0 pair of gloves
MR       .....                  J - +0 pair of boots
Stlth    ..........             v - amulet of the acrobat
HPRegen  0.28/turn              m - ring of protection from fire
MPRegen  0.08/turn              x - +6 ring of evasion

@: agile
A: retaliatory headbutt, horns 2
a: Berserk, Trog's Hand, Brothers in Arms, Renounce Religion


You were on level 1 of the Swamp.
You worshipped Trog.
Trog was extremely pleased with you.
You were near starving.

You visited 3 branches of the dungeon, and saw 13 of its levels.
You also visited: Bailey.

You collected 579 gold pieces.

Inventory:

Hand Weapons
 p - a +0 broad axe
 S - the +9 war axe of Xom's Delight {venom, rC+}
   (You found it on level 10 of the Dungeon)

   It poisons the flesh of those it strikes.
   It protects you from cold.
 T - a +4 antimagic battleaxe (weapon)
Missiles
 a - 26 poisoned needles
 j - 5 javelins of returning (quivered)
Armour
 b - a +1 hat of intelligence (worn)
 i - a +0 pair of gloves (worn)
 J - a +0 pair of boots (worn)
 L - a +0 plate armour (worn)
 P - a +1 cloak of poison resistance (worn)
Jewellery
 m - a ring of protection from fire (left hand)
 v - an amulet of the acrobat (around neck)
 x - a +6 ring of evasion (right hand)
 G - an uncursed amulet of guardian spirit
Wands
 d - a wand of paralysis (19)
 l - a wand of polymorph (8)
 I - a wand of enslavement (14)
 Q - a wand of random effects (15)
Scrolls
 e - 2 scrolls of enchant armour {unknown}
 f - 2 scrolls of magic mapping
 g - 5 scrolls of teleportation
 n - 8 scrolls of remove curse
 o - 2 scrolls of fog
 r - 2 scrolls of noise
 s - 4 scrolls of amnesia
 y - a scroll of enchant weapon {unknown}
 A - 2 scrolls of immolation
 K - 3 scrolls of vulnerability
 O - 5 scrolls of silence
 R - a scroll of identify
Potions
 k - 2 potions of brilliance {unknown}
 t - a potion of haste {unknown}
 u - 2 potions of resistance
 w - a potion of ambrosia {unknown}
 z - 4 potions of curing
 B - 2 potions of degeneration
 C - a potion of agility
 D - 2 potions of might
 E - 2 potions of mutation {unknown}
 F - a potion of flight {unknown}
 H - a potion of invisibility {unknown}
 N - a potion of cancellation {unknown}
Comestibles
 c - 30 rations
 h - 4 chunks of flesh


   Skills:
 + Level 12.8 Fighting
 + Level 18.2 Axes
 + Level 11.3 Armour
 + Level 5.5 Dodging
 + Level 1.5 Stealth


You had 11 spell levels left.
You didn't know any spells.
Your spell library contained the following spells:

 Spells                   Type           Power        Failure   Level  Hunger
 Animate Skeleton         Necr           N/A          99%         1    ##.....
 Confusing Touch          Hex            #.....       99%         1    ##.....
 Pain                     Necr           #...         99%         1    ##.....
 Summon Small Mammal      Summ           #...         99%         1    ##.....
 Call Imp                 Summ           #.......     99%         2    ###....
 Call Canine Familiar     Summ           #.......     100%        3    ####...
 Confuse                  Hex            #.......     100%        3    ####...
 Gell's Gravitas          Tloc           #.........   100%        3    ####...
 Regeneration             Chrm/Necr      #.........   100%        3    ####...
 Summon Guardian Golem    Hex/Summ       #.......     100%        3    ####...
 Vampiric Draining        Necr           #.........   100%        3    ####...
 Animate Dead             Necr           N/A          100%        4    #####..
 Petrify                  Tmut/Erth      #.......     100%        4    #####..
 Summon Ice Beast         Ice/Summ       #.......     100%        4    #####..
 Summon Lightning Spire   Summ/Air       #.......     100%        4    #####..
 Metabolic Englaciation   Hex/Ice        #.........   100%        5    ######.
 Yara's Violent Unravell  Hex/Tmut       #.........   100%        5    ######.


Dungeon Overview and Level Annotations

Branches:
Dungeon (10/15)            Temple (0/1) D:7            Lair (2/6) D:10
  Swamp (1/4) Lair:2          Orc (0/2) D:10
  Snake: Lair:2-4    Spider: Lair:2-4

Altars:
Kikubaaqudgha
Nemelex Xobeh

Shops:
D:8 (


Innate Abilities, Weirdness & Mutations

You reflexively headbutt those who attack you in melee.
You have a pair of horns on your head.


Message History

You headbutt the seven-headed hydra!
The seven-headed hydra is moderately wounded.
The seven-headed hydra closely misses you.
The seven-headed hydra bites you!
* * * LOW HITPOINT WARNING * * *
The seven-headed hydra misses you.
The seven-headed hydra bites you but does no damage. x2
The seven-headed hydra barely misses you.
The seven-headed hydra misses you.
The seven-headed hydra bites you but does no damage.
The seven-headed hydra closely misses you.
The seven-headed hydra completely misses you. x3
The seven-headed hydra closely misses you.
The seven-headed hydra barely misses you.
You see here a vampire mosquito corpse.
Okay, then.
You feel agile all of a sudden.
The seven-headed hydra bites you but does no damage.
The seven-headed hydra bites you.
You die...

♣♣≈♣≈≈.....≈.≈≈♣♣
♣.≈......§.≈≈.≈≈♣♣
...≈≈≈.....≈§≈...♣
...............♣
.♣♣§♣≈≈≈..≈..≈.≈♣♣
♣≈>.♣.......≈...≈♣♣
.....≈...≈..≈......
♣≈.:@...≈.≈.≈≈.
♣♣..D≈♣≈.%≈≈♣♣.
♣♣.≈≈.♣♣≈...♣
♣≈...♣♣♣...♣
♣♣♣♣≈♣..≈≈≈≈≈...
♣♣♣♣...♣..≈≈≈.≈≈.[.
♣≈.♣≈≈≈.≈≈≈≈≈≈≈≈≈..
♣♣..≈≈≈^≈≈≈≈≈≈..≈≈♣
♣.....≈..≈≈≈≈..♣♣


You could see a seven-headed hydra.

Vanquished Creatures
  Gastronok (Lair:1)
  Roxanne (Swamp:1)
  Fannar (Lair:2)
  Harold (D:8)
  2 hydras
  2 alligators (Swamp:1)
  A deep elf archer (Bailey)
  Pikel (D:5)
  7 deep elf magi (Bailey)
  Joseph (D:8)
  Maurice (D:10)
  Psyche (D:8)
  A rime drake (Lair:2)
  7 komodo dragons
  4 spiny frogs
  3 tyrant leeches (Swamp:1)
  A troll (D:9)
  Grinder (D:3)
  A hippogriff (D:7)
  A wraith (D:10)
  A spriggan (D:7)
  17 yaks
  A hungry ghost (D:10)
  8 vampire mosquitoes
  A swamp worm (Swamp:1)
  An acid dragon (D:9)
  6 porcupines
  2 water moccasins (Lair:2)
  A black bear (D:9)
  A slave (D:5)
  9 ogres
  5 sky beasts
  2 ice beasts
  4 orc warriors
  A necrophage (D:8)
  2 phantoms
  3 centaurs
  A crocodile (Lair:2)
  3 big kobolds
  5 bullfrogs
  A gnoll sergeant (D:6)
  A scorpion (D:8)
  11 killer bees
  2 vampire bats (D:4)
  3 howler monkeys (D:7)
  5 crimson imps
  A centaur zombie (D:6)
  A jelly (D:9)
  4 orc priests
  3 hounds
  2 gnoll shamans (D:7)
  6 orc wizards
  A bullfrog skeleton (D:8)
  8 hell rats (Lair:1)
  2 iguanas
  6 worker ants
  A hound skeleton (D:6)
  A worker ant zombie (D:7)
  18 gnolls
  15 river rats (Lair:1)
  6 adders
  A shadow imp (D:10)
  2 oozes (D:3)
  An adder skeleton (D:4)
  An adder zombie (D:6)
  2 worms
  A leopard gecko (D:7)
  40 orcs
  4 bats
  3 bat skeletons (D:4)
  2 bat zombies (D:4)
  3 giant cockroaches
  2 goblins (D:3)
  4 hobgoblins
  6 jackals
  8 quokkas
  A ball python (D:2)
  2 frilled lizards
  A giant cockroach zombie (D:5)
  14 kobolds
  2 leopard gecko skeletons (D:5)
  A quokka zombie (D:9)
  17 rats
  5 fungi
  2 plants
336 creatures vanquished.

Vanquished Creatures (others)
  A howler monkey skeleton (D:5)
  A bush (Lair:2)
  2 fungi (D:7)
  2 plants
6 creatures vanquished.

Grand Total: 342 creatures vanquished

Notes
Turn   | Place    | Note
-------+----------+-------------------------------------------
     0 | D:1      | XomIzBomb the Minotaur Berserker began the quest for the
                  | Orb.
     0 | D:1      | Reached XP level 1. HP: 19/19 MP: 0/0
   488 | D:2      | Reached skill level 4 in Axes
   488 | D:2      | Reached XP level 2. HP: 23/27 MP: 1/1
   757 | D:2      | Reached XP level 3. HP: 24/33 MP: 2/2
  1018 | D:3      | Reached ** piety under Trog
  1069 | D:3      | Noticed Grinder
  1084 | D:3      | Killed Grinder
  1084 | D:3      | Reached skill level 5 in Fighting
  1084 | D:3      | Reached skill level 5 in Axes
  1084 | D:3      | Reached XP level 4. HP: 5/42 MP: 3/3
  1084 | D:3      | Reached XP level 5. HP: 6/48 MP: 4/4
  1671 | D:3      | Reached XP level 6. HP: 56/56 MP: 5/5
  1891 | D:4      | Reached skill level 6 in Axes
  2252 | D:4      | Found an ancient bone altar of Kikubaaqudgha.
  2255 | D:4      | Reached *** piety under Trog
  2255 | D:4      | Reached skill level 7 in Axes
  2255 | D:4      | Reached XP level 7. HP: 61/61 MP: 6/6
  2955 | D:5      | Entered Level 5 of the Dungeon
  3200 | D:5      | Noticed Pikel
  3206 | D:5      | Reached skill level 8 in Axes
  3210 | D:5      | Killed Pikel
  3210 | D:5      | Reached skill level 9 in Axes
  3210 | D:5      | Reached skill level 5 in Armour
  3210 | D:5      | Reached skill level 1 in Stealth
  3210 | D:5      | Reached XP level 8. HP: 70/70 MP: 7/7
  3282 | D:5      | Reached skill level 10 in Axes
  3390 | D:5      | Reached XP level 9. HP: 78/78 MP: 8/8
  3765 | D:6      | Reached skill level 11 in Axes
  4315 | D:7      | Reached **** piety under Trog
  4318 | D:7      | Reached skill level 12 in Axes
  4449 | D:7      | Received a gift from Trog
  4767 | D:7      | Found a sparkling altar of Nemelex Xobeh.
  4879 | D:7      | Found a staircase to the Ecumenical Temple.
  4968 | D:7      | Reached XP level 10. HP: 53/88 MP: 9/9
  5100 | D:7      | Reached skill level 13 in Axes
  5378 | D:8      | Noticed Harold
  5387 | D:8      | Killed Harold
  5387 | D:8      | Reached skill level 5 in Dodging
  5414 | D:8      | Found Ecricukh's Antique Weapon Shop.
  5561 | D:8      | Noticed Psyche
  5581 | D:8      | Killed Psyche
  5589 | D:8      | Reached skill level 14 in Axes
  5684 | D:8      | Noticed Joseph
  5690 | D:8      | Killed Joseph
  5982 | D:9      | Reached ***** piety under Trog
  6140 | D:9      | Found a flagged portal.
  6157 | Bailey   | Entered a bailey
  6164 | Bailey   | Noticed a deep elf mage
  6173 | Bailey   | Killed a deep elf mage
  6195 | Bailey   | Noticed a deep elf mage
  6196 | Bailey   | Noticed a deep elf mage
  6196 | Bailey   | Noticed a deep elf mage
  6196 | Bailey   | Noticed a deep elf mage
  6196 | Bailey   | Noticed a deep elf mage
  6196 | Bailey   | Noticed a deep elf mage
  6200 | Bailey   | Killed a deep elf mage
  6200 | Bailey   | Reached skill level 10 in Fighting
  6200 | Bailey   | Reached XP level 11. HP: 99/99 MP: 1/10
  6206 | Bailey   | Killed a deep elf mage
  6209 | Bailey   | Killed a deep elf mage
  6209 | Bailey   | Reached skill level 15 in Axes
  6211 | Bailey   | Killed a deep elf mage
  6213 | Bailey   | Killed a deep elf mage
  6220 | Bailey   | Killed a deep elf mage
  6308 | Bailey   | Noticed a deep elf archer
  6330 | Bailey   | Killed a deep elf archer
  6834 | D:10     | Entered Level 10 of the Dungeon
  6871 | D:10     | Found a staircase to the Lair.
  6964 | D:10     | Noticed Maurice
  6989 | D:10     | Killed Maurice
  7187 | D:10     | Got a faintly glowing war axe
  7188 | D:10     | Identified the +9 war axe of Xom's Delight {venom, rC+}
                  | (You found it on level 10 of the Dungeon)
  7300 | D:10     | Reached skill level 16 in Axes
  7303 | D:10     | Received a gift from Trog
  7358 | D:10     | Found a staircase to the Orcish Mines.
  7518 | Lair:1   | Entered Level 1 of the Lair of Beasts
  7525 | Lair:1   | Noticed Gastronok
  7540 | Lair:1   | Killed Gastronok
  7763 | Lair:1   | Reached XP level 12. HP: 77/110 MP: 3/11
  7919 | Lair:1   | Noticed a four-headed hydra
  7930 | Lair:1   | Killed a seven-headed hydra
  8509 | Lair:2   | Reached skill level 17 in Axes
  8524 | Lair:2   | Noticed an eight-headed hydra
  8534 | Lair:2   | Killed a 13-headed hydra
  8567 | Lair:2   | Reached skill level 10 in Armour
  8711 | Lair:2   | Noticed Fannar
  8721 | Lair:2   | Killed Fannar
  8839 | Lair:2   | Found a staircase to the Swamp.
  8997 | Lair:2   | Received a gift from Trog
  9265 | Swamp:1  | Entered Level 1 of the Swamp
  9265 | Swamp:1  | Noticed an alligator
  9265 | Swamp:1  | Noticed an alligator
  9273 | Swamp:1  | Killed an alligator
  9281 | Swamp:1  | Killed an alligator
  9345 | Swamp:1  | Noticed Roxanne
  9356 | Swamp:1  | Killed Roxanne
  9356 | Swamp:1  | Reached skill level 18 in Axes
  9380 | Swamp:1  | Identified Roxanne's Collected Works on Changing (You took
                  | it off Roxanne on level 1 of the Swamp)
  9410 | Swamp:1  | Noticed a six-headed hydra
  9420 | Swamp:1  | HP: 1/113 [seven-headed hydra (10)]
  9422 | Swamp:1  | Slain by a seven-headed hydra

Skill      XL: |  1  2  3  4  5  6  7  8  9 10 11 12 |
---------------+-------------------------------------+-----
Fighting       | 4 5 6 8 10 11 12 | 12.8
Axes           | 4 5 7 9 10 12 14 16 18 | 18.2
Armour         | 3 4 5 6 7 8 9 11 | 11.3
Dodging        | 3 4 5 |  5.5
Stealth        | 1 |  1.5

Action                   |  1- 3 |  4- 6 |  7- 9 | 10-12 || total
-------------------------+-------+-------+-------+-------++-------
Melee: Hand axe          |    31 |       |       |       ||    31
       Broad axe         |    33 |    48 |   189 |   240 ||   510
       Headbutt          |     6 |     7 |    39 |    99 ||   151
       Battleaxe         |       |       |       |   230 ||   230
       War axe           |       |       |       |    19 ||    19
Invok: Berserk           |     1 |     1 |     5 |     9 ||    16
       Trog's Hand       |       |     2 |       |     4 ||     6
Evoke: Wand              |       |       |       |     1 ||     1
  Use: Scroll            |       |       |     5 |    12 ||    17
       Potion            |       |       |       |     5 ||     5
 Stab: Fleeing           |       |       |       |     1 ||     1
  Eat: Chunk             |     1 |     6 |    12 |    24 ||    43
Armor: Scale mail        |    25 |    12 |    43 |     4 ||    84
       Animal skin       |     3 |       |       |       ||     3
       Plate armour      |       |       |       |   172 ||   172
Dodge: Dodged            |    30 |    44 |   191 |   395 ||   660
